 Dungeon Sprint DCSS version 0.17-a0-1763-g847a857 (webtiles) character file.

453 kosy22 the Skirmisher (level 6, -12/71 HPs)
             Began as a Troll Fighter on Sept 5, 2015.
             Shot with an arrow by a centaur warrior (15 damage)
             ... in the Dungeon (Sprint I: "Red Sonja").
             The game lasted 00:02:05 (200 turns).

kosy22 the Skirmisher (Troll Fighter)                Turns: 200, Time: 00:02:05

Health: -12/71     AC:  5    Str: 27    XL:     6   Next: 75%
Magic:  5/5        EV: 11    Int:  4    God:
Gold:   9          SH: 10    Dex:  9    Spells: 0 memorised, 5 levels left

rFire  . . .     SeeInvis .       - Unarmed
rCold  . . .     Clarity  .     a - +0 robe
rNeg   . . .     SustAt   .     b - +0 shield
rPois  .         Gourm    +     (helmet restricted)
rElec  .         Spirit   .     (no cloak)
rCorr  .         Warding  .     (gloves unavailable)
rMut   .         NoTele   +     (boots unavailable)
MR     .....                    (no amulet)
Stlth  +.........               (no ring)
                                (no ring)

@: very slightly contaminated, hasted, very quick, not resistant to hostile
enchantments, very unstealthy
A: unfitting armour, claws 3, fast metabolism 3, gourmand, regeneration 2,
shaggy fur 1, tough skin 2
a: no special abilities


You were in the Dungeon.
You were not hungry.

You visited 1 branch You collected 108 gold pieces.
You spent 99 gold pieces at shops.

Inventory:

Hand weapons
 c - a +0 giant club
 i - a +0 scythe
Armour
 a - a +0 robe (worn)
 b - a +0 shield (worn)
Magical devices
 k - a wand of random effects (16)
Scrolls
 l - a scroll of identify {unknown}
Potions
 h - 2 potions of magic
Comestibles
 d - 2 bread rations


   Skills:
 + Level 7.4 Fighting
 + Level 7.2 Dodging
 + Level 6.6 Shields
 + Level 5.2 Unarmed Combat


You had 5 spell levels left.
You didn't know any spells.

Dungeon Overview and Level Annotations

Branches:
Dungeon (1/1)

Altars:
Elyvilon
Gozag
Kikubaaqudgha
Makhleb
Nemelex Xobeh
Okawaru
Qazlal
Ru
Sif Muna
Trog
Vehumet
Xom
Yredelemnul
Zin
The Shining One

Shops:
D }


Innate Abilities, Weirdness & Mutations

You are too large for most types of armour.
You have claws for hands.
Your metabolism is lightning-fast.
You like to eat raw meat.
You heal very quickly.
You are covered in fur (AC +1).
You have very tough skin (AC +2).


Message History

Blink to where?
Press: ? - help, Dir - move target cursor You are very lightly contaminated with residual magic.
As you read the scroll of blinking, it crumbles to dust.
The centaur warrior wields an uncursed shortbow.
The centaur warrior shoots an arrow.
You block the arrow.
You see here an arrow.
The centaur warrior shoots an arrow.
You block the arrow.
There is an open door here.
Things that are here:
an arrow; a yak corpse The centaur warrior wields an uncursed shortbow.
The centaur warrior shoots an arrow.
You block the arrow.
The centaur warrior shoots an arrow.
The arrow hits you!
* * * LOW HITPOINT WARNING * * *
You see here an arrow.
Drink which item? (? for menu, Esc to quit)
You feel yourself speed up.
The centaur warrior shoots an arrow.
The arrow hits you!
You die...

################
#<.#..'..#..'..#
#..'†.#..'[.#..+
#..#####+#####'# ####
#..### #[####§§#
#..#__#### ##$#c§≈§c#
#..#_..__##+#..'c§§.§+
#⌠⌠#_.∩..@((.._#§§≈§c#
####_..._##_.#'##+####
#_____###+#.# #######
###


You could see 2 centaur warriors.

Vanquished Creatures
  Sigmund (D)
  A yak (D)
  An ogre (D)
  Ijyb (D)
  A jelly (D)
5 creatures vanquished.

Notes
Turn   | Place    | Note
--------------------------------------------------------------
     0 | D        | kosy22 the Troll Fighter began the quest for the Orb.
     0 | D        | Reached XP level 1. HP: 22/22 MP: 0/0
     2 | D        | Noticed Ijyb
    11 | D        | Killed Ijyb
    11 | D        | Reached skill level 3 in Fighting
    11 | D        | Reached XP level 2. HP: 12/32 MP: 1/1
    53 | D        | Noticed an ogre
    60 | D        | Killed an ogre
    60 | D        | Reached skill level 5 in Fighting
    60 | D        | Reached skill level 5 in Dodging
    60 | D        | Reached XP level 3. HP: 28/42 MP: 2/2
    60 | D        | Reached XP level 4. HP: 33/50 MP: 3/3
    66 | D        | Noticed Sigmund
    76 | D        | Killed Sigmund
    76 | D        | Reached skill level 6 in Fighting
    76 | D        | Reached skill level 5 in Shields
    76 | D        | Reached XP level 5. HP: 47/61 MP: 4/4
    76 | D        | Reached XP level 6. HP: 52/68 MP: 5/5
   124 | D        | Found a deep blue altar of Sif Muna.
   125 | D        | Noticed a jelly
   126 | D        | Found a radiant altar of Vehumet.
   130 | D        | Killed a jelly
   139 | D        | Found Pefafen's Gadget Emporium.
   139 | D        | Found a white marble altar of Elyvilon.
   139 | D        | Found a stormy altar of Qazlal.
   139 | D        | Found a burning altar of Makhleb.
   139 | D        | Found a sacrificial altar of Ru.
   139 | D        | Found a basalt altar of Yredelemnul.
   139 | D        | Found a glowing golden altar of the Shining One.
   139 | D        | Found a sparkling altar of Nemelex Xobeh.
   139 | D        | Found a shimmering altar of Xom.
   139 | D        | Found an opulent altar of Gozag.
   139 | D        | Found an ancient bone altar of Kikubaaqudgha.
   139 | D        | Found a glowing silver altar of Zin.
   139 | D        | Noticed a yak
   149 | D        | Killed a yak
   149 | D        | Reached skill level 7 in Fighting
   149 | D        | Reached skill level 5 in Unarmed Combat
   150 | D        | Found an iron altar of Okawaru.
   151 | D        | Found a bloodstained altar of Trog.
   155 | D        | Bought a wand of random effects (16) for 99 gold pieces
   170 | D        | Noticed a centaur warrior
   170 | D        | Noticed a centaur warrior
   199 | D        | HP: 3/71 [centaur warrior/arrow (9)]
   200 | D        | Shot with an arrow by a centaur warrior

Vault maps used:
D:        dungeon_sprint_1

Action                   |  1- 3 |  4- 6 || total
-------------------------+-------+-------++-------
Melee: Unarmed           |    14 |    26 ||    40
  Use: Potion            |     1 |     4 ||     5
       Scroll            |       |     1 ||     1
